 Dungeon Crawl Stone Soup version 0.29-a0-8-g0446c0dae4 (webtiles) character file.

Game seed: 14950112404488322860

103289 testman the Grappler (level 15, -6/156 HPs)
             Began as a Troll Monk on Jan 26, 2022.
             Was a High Priest of Okawaru.
             Mangled by a radroach (39 damage)
             ... in the Arena on Jan 27, 2022.
             The game lasted 02:14:31 (25901 turns).

testman the Grappler (Troll Monk)                  Turns: 25901, Time: 02:14:32

Health: -6/156     AC: 18    Str: 29    XL:     15   Next: 88%
Magic:  10/23      EV: 17    Int: 10    God:    Okawaru [*****.]
Gold:   3022       SH: 12    Dex: 12    Spells: 12/14 levels left

rFire   x . .      SeeInvis .     - Unarmed
rCold   + . .      Faith    .   y - +0 kite shield {reflect}
rNeg    . . .      Spirit   .   p - +4 steam dragon scales
rPois   +          Reflect  +   q - +2 hat {Will+}
rElec   .          Harm     .   v - +2 cloak
rCorr   .          Rampage  .   (gloves unavailable)
Will    ++...                   (boots unavailable)
Stlth   +++.......              T - amulet of the acrobat
HPRegen 1.16/turn               P - ring of ice
MPRegen 0.18/turn               m - ring "Vutul" {rPois EV+4 Int+4}

@: heroic, finesse-ful, studying Long Blades, duelling
A: large, unfitting armour, claws 3, regeneration 1, shaggy fur 1, tough skin 1
a: Renounce Religion, Heroism, Finesse, Duel


You were in the Arena.
You worshipped Okawaru.
Okawaru was extremely pleased with you.
You visited 4 branches of the dungeon, and saw 24 of its levels.
You also visited: Ossuary, Gauntlet and Ice Cave.

You collected 3398 gold pieces.
You spent 376 gold pieces at shops.

Inventory:

Missiles
 c - 31 boomerangs
 n - 6 datura-tipped darts
 B - 29 poisoned darts
 E - 17 javelins
 H - 5 atropa-tipped darts
 I - 12 curare-tipped darts
 L - 24 large rocks (quivered)
 N - 13 silver javelins
Armour
 p - +4 steam dragon scales (worn)
 q - a +2 hat of willpower (worn)
 s - the +1 robe "Juteecok" {+Blink Dex-2 Stlth+}
   (You found it in an ice cave)

   Dex:       It affects your dexterity (-2).
   +Blink:    It lets you blink.
   Stlth:     It makes you more stealthy.
 v - a +2 cloak (worn)
 y - a +0 kite shield of reflection (worn)
Jewellery
 e - a ring of see invisible
 m - the ring "Vutul" (right claw) {rPois EV+4 Int+4}
   (You found it in a Gauntlet)

   [ring of evasion]

   EV:        It affects your evasion (+4).
   Int:       It affects your intelligence (+4).
   rPois:     It protects you from poison.
 M - a ring of protection from fire
 O - the ring "Qesisyc" {Fly MP+9 Dex+6}
   (You found it in a Gauntlet)

   [ring of dexterity]

   Dex:       It affects your dexterity (+6).
   MP:        It affects your magic capacity (+9).
   Fly:       It grants you flight.
 P - a ring of ice (left claw)
 T - an amulet of the acrobat (around neck)
Wands
 k - a wand of paralysis (19)
 C - a wand of acid (21)
 D - a wand of iceblast (6)
 K - a wand of digging (18)
 Q - a wand of flame (43)
 S - a wand of charming (14)
Scrolls
 b - 12 scrolls of teleportation
 d - a scroll of brand weapon
 u - a scroll of fog
 w - 4 scrolls of fear
 A - a scroll of holy word
 G - a scroll of silence
 U - 4 scrolls of identify
 V - a scroll of blinking
Potions
 a - 4 potions of curing
 g - 5 potions of cancellation
 i - 2 potions of haste
 j - 3 potions of magic
 l - 4 potions of mutation
 o - 3 potions of attraction
 r - 5 potions of might
 t - 2 potions of heal wounds
 x - a potion of ambrosia
 z - a potion of invisibility
 F - a potion of lignification
 Z - a potion of brilliance
Miscellaneous
 f - a condenser vane
 h - a phial of floods
 R - a phantom mirror


   Skills:
 + Level 12.1(17.1) Fighting
 + Level 7.0(12.0) Throwing
 - Level 5.0(10.0) Armour
 - Level 5.1(10.1) Dodging
 - Level 1.0(6.0) Stealth
 - Level 9.1(14.1) Shields
 + Level 14.3(19.3) Unarmed Combat
 + Level 4.9 Translocations
 + Level 12.5 Invocations


You had 12 spell levels left.
You knew the following spells:

 Your Spells              Type           Power      Damage    Failure   Level
a - Blink                 Tloc           18%        N/A       12%         2

Your spell library contained the following spells:

 Spells                   Type           Power      Damage    Failure   Level
 Gell's Gravitas          Tloc           9%         N/A       24%         3
 Lesser Beckoning         Tloc           9%         N/A       24%         3
 Teleport Other           Tloc           9%         N/A       24%         3
 Magic Dart               Conj           0%         1d3       52%         1
 Pain                     Necr           0%         1d4       52%         1
 Corpse Rot               Necr/Air       0%         N/A       65%         2
 Scorch                   Fire           0%         2d5       65%         2
 Dazzling Flash           Conj/Hex       0%         N/A       87%         3
 Mephitic Cloud           Conj/Pois/Air  0%         N/A       87%         3
 Ozocubu's Armour         Ice            0%         N/A       87%         3
 Iskenderun's Mystic Bla  Conj/Tloc      4%         2d3       91%         4
 Manifold Assault         Tloc           9%         N/A       91%         5
 Anguish                  Hex/Necr       0%         N/A       99%         4
 Dispel Undead            Necr           0%         3d6       99%         4
 Flame Wave               Conj/Fire      0%         2d4       99%         4
 Agony                    Necr           0%         N/A       100%        5
 Alistair's Intoxication  Tmut/Pois      0%         N/A       100%        5
 Borgnjor's Vile Clutch   Necr/Erth      0%         N/A       100%        5
 Excruciating Wounds      Necr           0%         N/A       100%        5
 Metabolic Englaciation   Hex/Ice        0%         N/A       100%        5
 Eringya's Noxious Bog    Tmut/Pois      0%         N/A       100%        6
 Starburst                Conj/Fire      0%         6d3       100%        6
 Enfeeble                 Hex            0%         N/A       100%        7
 Call Imp                 Summ           Unusable   N/A       N/A         2
 Tukima's Dance           Hex            Unusable   N/A       N/A         3
 Death Channel            Necr           Unusable   N/A       N/A         6
 Simulacrum               Ice/Necr       Unusable   N/A       N/A         6
 Summon Cactus Giant      Summ           Unusable   N/A       N/A         6

Dungeon Overview and Level Annotations

Branches:
Dungeon (15/15)            Temple (0/1) D:5            Lair (6/6) D:9
 Shoals (0/4) Lair:4       Spider (1/4) Lair:3        Slime (0/5) Lair:6
    Orc (2/2) D:11            Elf (0/3) Orc:2        Vaults (0/5) D:14
 Depths (0/4) D:15        Ossuary (visited)           IceCv (visited)
Gauntlet (visited)

Altars:
Ashenzari
Dithmenos
Elyvilon
Fedhas
Hepliaklqana
Kikubaaqudgha
Makhleb
Okawaru
Qazlal
Sif Muna
Trog
Vehumet
Wu Jian
Beogh
Jiyva

Shops:
D:3 ?   D:8 [   Orc:2 =[(*:

Portals:
Trove: D:10 (give 17 scrolls of teleportation)

Annotations:
D:3 2 transporters
D:7 1 runed translucent door, fragbeetle's ghost, novice HOCA
Lair:6 1 runed translucent door


Innate Abilities, Weirdness & Mutations

You are too large for most types of armour.
You have claws for hands.
Your natural rate of healing is unusually fast.
You are covered in fur. (AC +1)
You have tough skin. (AC +1)


Message History

The redback bites you but does no damage.
The tarantella hisses angrily.
You scratch the radroach but do no damage.
You hear an angry hiss.
You claw the radroach!
The radroach is lightly wounded.
The meliai barely misses you. x2; You block the spark wasp's attack.
You scratch the radroach but do no damage.
The radroach is lightly wounded.
You block the redback's attack.
The meliai calls down the wrath of its god upon you.
Something smites you!
* * * LOW HITPOINT WARNING * * *
The radroach misses you. You block the radroach's attack.
A culicivora comes into view.
Aiming: Duel (5% risk of failure)
Press: ? - help, Dir - move target, f - radroach
Aim: a radroach (lightly wounded)
You enter into single combat with the radroach!
The world spins around you as you enter the gateway.
You enter Okawaru's Arena!
The spectator shouts! x3
Found a gate leading back out of this place.
There is an empty arch of ancient stone here.
You barely miss the radroach.
The radroach is lightly wounded.
The spectator shouts! x2
The radroach barely misses you.
The radroach claws you but does no damage.
The spectator shouts! x3
You eviscerate the radroach!!!
The radroach is heavily wounded.
You scratch the radroach.
The radroach is heavily wounded.
You scratch the radroach but do no damage.
The radroach is heavily wounded.
The radroach erupts in a fountain of uncontrolled magic!
You are blasted with magical radiation!!!
You die...
Okawaru crowns the radroach victorious!

###########
#..p▓∩▓p..# ##
▓▓▓▓▓▓▓▓▓ ##
#.▓ ....... ▓.#
#.▓.#.....#.▓.#
#p▓.........▓p#
#▓▓.........▓▓#
#p▓....@....▓p#
#▓▓...B.....▓▓#
#p▓.........▓p#
#.▓.#.....#.▓.#
#.▓ ....... ▓.#
## ▓▓▓▓▓▓▓▓▓ ##
#..p▓p▓p..#
###########


You could see a radroach.

Vanquished Creatures
  Rupert (D:14)
  Donald (Orc:2)
  A rockslime (IceCv)
  2 azure jellies (IceCv)
  An orc warlord (Orc:2)
  5 quicksilver oozes (IceCv)
  Nessos (D:15)
  A minotaur (Gauntlet)
  2 entropy weavers
  3 fire dragons
  Fannar (Lair:3)
  5 boulder beetles
  2 vault guards (D:14)
  7 hydras
  A death knight (D:14)
  A ghost crab (Gauntlet)
  5 two-headed ogres
  A catoblepas (D:15)
  Urug (Orc:2)
  A tengu warrior (D:12)
  An orc high priest (Orc:2)
  Sonja (D:12)
  Nergalle (D:10)
  2 deep elf knights
  A fire crab (Lair:6)
  A deep elf archer (D:15)
  2 orange crystal statues (Arena)
  3 lindwurms
  3 wizards (D:14)
  4 deep elf pyromancers
  6 orc knights
  4 necromancers
  3 manticores
  8 ugly things (D:15)
  3 orc sorcerers (Orc:2)
  An oklob plant (Lair:2)
  5 cyclopes
  A wolf spider (Spider:1)
  8 elephants
  2 black mambas (Lair:6)
  2 molten gargoyles (Lair:6)
  14 cane toads
  A gargoyle (D:11)
  4 kobold demonologists
  2 unseen horrors
  Maggie (D:7)
  A demonic crawler (Spider:1)
  19 komodo dragons
  3 rime drakes
  5 entropy weaver simulacra (IceCv)
  2 very ugly thing simulacra (IceCv)
  A tengu conjurer (D:13)
  2 meliai (Spider:1)
  3 trolls
  5 polar bears
  A hornet (D:8)
  5 tarantellas (Spider:1)
  27 blink frogs
  20 slime creatures
  2 jumping spiders (Spider:1)
  A shadow (D:10)
  A wraith (D:7)
  10 wyverns
  Sigmund (D:3)
  4 culicivoras (Spider:1)
  2 vampires
  A basilisk (shapeshifter) (D:15)
  16 yaks
  2 basilisks
  5 steam dragons
  15 humans (D:14)
  6 vampire mosquitoes
  8 redbacks
  2 wargs
  3 demonic crawler simulacra (IceCv)
  12 water moccasins
  Duvessa (D:7)
  5 hell hounds (Lair:6)
  25 orc warriors
  3 ugly thing simulacra (IceCv)
  A black bear (shapeshifter) (D:15)
  A necrophage (D:6)
  8 ogres
  8 centaurs
  5 wolves (Lair:4)
  A phantom (D:3)
  Blork the orc (Orc:1)
  3 kobold brigands (D:9)
  12 bullfrogs
  2 elf zombies
  A gnoll sergeant (D:11)
  5 elf skeletons (D:7)
  5 scorpions
  A water moccasin skeleton (D:6)
  A wyvern skeleton (D:7)
  Dowan (D:7)
  4 wights (D:7)
  10 killer bees
  A howler monkey (D:14)
  3 electric eels
  5 lava snakes (Lair:6)
  3 hounds
  A bullfrog skeleton (D:5)
  6 centaur zombies
  22 orc priests
  A jelly (D:6)
  An iguana (D:5)
  Terence (D:3)
  2 human skeletons (D:7)
  29 orc wizards
  6 polar bear simulacra (Lair:2)
  A yak simulacrum (Lair:2)
  2 wolf simulacra (Lair:2)
  2 mummies (Ossuary)
  2 howler monkey zombies (D:8)
  10 gnolls
  2 adders
  3 ufetubi
  An adder zombie (Ossuary)
  5 worms
  2 dart slugs
  72 orcs
  5 bats
  9 endoplasms
  4 giant cockroaches
  9 goblins
  5 hobgoblins
  3 jackals (D:1)
  11 kobolds
  4 quokkas
  4 ball pythons
  4 frilled lizards
  4 hobgoblin zombies (Ossuary)
  3 jackal zombies (Ossuary)
  9 kobold zombies (Ossuary)
  3 orc skeletons (D:7)
  15 orc zombies (Ossuary)
  2 rats (D:1)
  2 river rat simulacra (Lair:2)
695 creatures vanquished.

Vanquished Creatures (others)
  A deep elf pyromancer (D:15)
  2 orc wizards
  4 fungi
  2 plants
9 creatures vanquished.

Grand Total: 704 creatures vanquished

Notes
Turn   | Place    | Note
-------+----------+-------------------------------------------
     0 | D:1      | testman the Troll Monk began the quest for the Orb.
     0 | D:1      | Reached XP level 1. HP: 22/22 MP: 0/0
    98 | D:1      | Reached XP level 2. HP: 24/29 MP: 1/1
   307 | D:1      | Reached XP level 3. HP: 36/37 MP: 2/2
  1132 | D:2      | Found a faded altar of an unknown god.
  1308 | D:2      | Identified the +2 leather armour of Uskayaw's Favour
                  | {rElec}
  1325 | D:2      | Prayed at the altar of an unknown god.
  1325 | D:2      | Became a worshipper of Warmaster Okawaru
  1325 | D:2      | Reached * piety under Okawaru
  1325 | D:2      | Reached ** piety under Okawaru
  1441 | D:3      | Found Gina's Magic Scroll Emporium.
  1445 | D:3      | Bought a scroll of identify for 20 gold pieces
  1564 | D:3      | Found a transporter.
  1587 | D:3      | Reached XP level 4. HP: 45/45 MP: 3/3
  1633 | D:3      | Found a transporter.
  1737 | D:3      | Noticed Terence
  1737 | D:3      | Noticed Sigmund
  1752 | D:3      | Killed Sigmund
  1752 | D:3      | Reached *** piety under Okawaru
  1753 | D:3      | Reached skill level 1 in Shields
  1753 | D:3      | Reached skill level 4 in Unarmed Combat
  1753 | D:3      | Reached XP level 5. HP: 46/54 MP: 1/4
  1769 | D:3      | Killed Terence
  1942 | D:3      | Found a white marble altar of Elyvilon.
  1973 | D:3      | Reached XP level 6. HP: 62/62 MP: 5/5
  2034 | D:3      | Found an iron altar of Okawaru.
  2514 | D:4      | Reached skill level 5 in Unarmed Combat
  2514 | D:4      | Reached skill level 1 in Invocations
  2828 | D:4      | HP: 3/62 [orc/boomerang (1)]
  2929 | D:4      | Reached XP level 7. HP: 64/70 MP: 7/7
  2969 | D:4      | Found a radiant altar of Vehumet.
  3374 | D:5      | Entered Level 5 of the Dungeon
  3449 | D:5      | Reached **** piety under Okawaru
  3549 | D:5      | Found a staircase to the Ecumenical Temple.
  4094 | D:5      | Noticed a steam dragon
  4111 | D:5      | Killed a steam dragon
  4377 | D:6      | Reached XP level 8. HP: 79/79 MP: 9/9
  4424 | D:6      | Reached skill level 6 in Unarmed Combat
  4449 | D:6      | Reached skill level 5 in Fighting
  4977 | D:6      | Found a hazy altar of Hepliaklqana.
  4978 | D:6      | Found a blossoming altar of Fedhas.
  5165 | D:7      | Noticed Duvessa
  5166 | D:7      | Noticed Dowan
  5176 | D:7      | Found a runed translucent door.
  5178 | D:7      | Noticed fragbeetle's ghost (novice HOCA)
  5242 | D:7      | Killed Duvessa
  5247 | D:7      | Killed Dowan
  5331 | D:7      | Reached skill level 7 in Unarmed Combat
  5331 | D:7      | Reached XP level 9. HP: 85/89 MP: 11/11
  5371 | D:7      | Found a sand-covered staircase.
  5382 | D:7      | Reached ***** piety under Okawaru
  5386 | Ossuary  | Entered an ossuary
  5544 | Ossuary  | Reached skill level 5 in Shields
  5633 | D:7      | Reached skill level 5 in Invocations
  5743 | D:7      | Noticed Maggie
  5763 | D:7      | Killed Maggie
  5921 | D:7      | Received a gift from Okawaru
  6379 | D:8      | Found an ancient bone altar of Kikubaaqudgha.
  6379 | D:8      | Found a broken altar of Ashenzari.
  6398 | D:8      | Found a stormy altar of Qazlal.
  6684 | D:8      | Found Daw Ceyrr's Antique Armour Shoppe.
  6695 | D:8      | Reached skill level 8 in Unarmed Combat
  6718 | D:8      | Bought an ominously black robe for 131 gold pieces
  6718 | D:8      | Identified the +1 robe of Kleptomania {rElec} (You bought
                  | it in a shop on level 8 of the Dungeon)
  6775 | D:8      | Reached XP level 10. HP: 77/99 MP: 13/13
  6801 | D:8      | Found the +3 hat of Pondering {ponderous, Will+ MP+10
                  | Int+5}
  7228 | D:9      | Found a shimmering blue altar of Sif Muna.
  7370 | D:9      | Found a staircase to the Lair.
  7532 | D:9      | Found a shadowy altar of Dithmenos.
  7623 | D:9      | Noticed a smoke demon
  7666 | D:9      | Noticed a soul eater
  7741 | D:9      | Reached skill level 9 in Unarmed Combat
  8256 | D:9      | Found a bloodstained altar of Trog.
  8524 | D:9      | Found a burning altar of Makhleb.
  8583 | D:10     | Entered Level 10 of the Dungeon
  8760 | D:10     | Reached XP level 11. HP: 103/111 MP: 15/15
  8784 | D:10     | Noticed Nergalle
  8875 | D:10     | Killed Nergalle
  8992 | D:10     | Noticed a deep elf pyromancer
  9005 | D:10     | Killed a deep elf pyromancer
  9121 | D:10     | Noticed a two-headed ogre
  9136 | D:10     | Killed a two-headed ogre
  9150 | D:10     | Found a portal to a secret trove of treasure.
  9171 | D:10     | Found an ornate altar of the Wu Jian Council.
  9715 | D:11     | Noticed a two-headed ogre
  9725 | D:11     | Killed a two-headed ogre
  9725 | D:11     | Reached ****** piety under Okawaru
  9726 | D:11     | Reached skill level 10 in Unarmed Combat
  9871 | D:11     | Received a gift from Okawaru
 10042 | D:11     | Found a staircase to the Orcish Mines.
 10297 | D:11     | Noticed a six-headed hydra
 10315 | D:11     | Killed a nine-headed hydra
 10414 | D:12     | Noticed a deep elf pyromancer
 10415 | D:12     | Found a gate leading to a gauntlet.
 10423 | Gauntlet | Entered a Gauntlet
 10423 | Gauntlet | Found a transporter.
 10426 | Gauntlet | Noticed an entropy weaver
 10461 | Gauntlet | Found a transporter.
 10462 | Gauntlet | Noticed an entropy weaver
 10473 | Gauntlet | Found a transporter.
 10477 | Gauntlet | Found a transporter.
 10482 | Gauntlet | Noticed a ghost crab
 10488 | Gauntlet | Found a transporter.
 10506 | Gauntlet | Noticed a catoblepas
 10507 | Gauntlet | Found a transporter.
 10511 | Gauntlet | Found a transporter.
 10515 | Gauntlet | Found a transporter.
 10539 | Gauntlet | Found a runed translucent door.
 10555 | Gauntlet | Found a transporter.
 10561 | Gauntlet | Found a transporter.
 10561 | Gauntlet | Found a transporter.
 10578 | Gauntlet | Found a transporter.
 10582 | Gauntlet | Noticed a wolf spider
 10732 | Gauntlet | Killed an entropy weaver
 10733 | Gauntlet | Reached XP level 12. HP: 68/122 MP: 17/17
 10738 | Gauntlet | Identified the ring "Vutul" {rPois EV+4 Int+4}
 10790 | Gauntlet | Killed a ghost crab
 10790 | Gauntlet | Identified the +8 gold dragon scales "Rutastrio" {Harm
                  | rPois rF+ rC+} (Okawaru gifted it to you in a Gauntlet)
 10790 | Gauntlet | Received a gift from Okawaru
 10835 | Gauntlet | Noticed a minotaur
 10847 | Gauntlet | Killed a minotaur
 10851 | Gauntlet | Identified the ring "Qesisyc" {Fly MP+9 Dex+6}
 10962 | D:12     | Noticed a two-headed ogre
 10962 | D:12     | Noticed a tengu warrior
 10973 | D:12     | Killed a two-headed ogre
 10974 | D:12     | Reached skill level 11 in Unarmed Combat
 10980 | D:12     | Killed a tengu warrior
 11065 | D:12     | Noticed Sonja
 11089 | D:12     | Killed Sonja
 11134 | D:12     | You are sucked into a shaft and drop 1 floor!
 11169 | D:13     | Noticed a boulder beetle
 11190 | D:13     | Killed a boulder beetle
 11319 | D:13     | Noticed a two-headed ogre
 11339 | D:13     | Killed a two-headed ogre
 11350 | D:13     | Noticed a boulder beetle
 11368 | D:13     | Killed a boulder beetle
 11673 | D:13     | Noticed a boulder beetle
 11685 | D:13     | Killed a boulder beetle
 12244 | D:14     | Noticed a seven-headed hydra
 12249 | D:14     | Killed a seven-headed hydra
 12287 | D:14     | Reached skill level 1 in Armour
 12515 | D:14     | Found a broken altar of Ashenzari.
 12572 | D:14     | Received a gift from Okawaru
 12668 | D:14     | Noticed a death knight
 12689 | D:14     | Killed a death knight
 12690 | D:14     | Reached XP level 13. HP: 76/133 MP: 19/19
 12790 | D:14     | Noticed Rupert
 12802 | D:14     | Killed Rupert
 12803 | D:14     | Reached skill level 10 in Fighting
 12806 | D:14     | Reached skill level 10 in Invocations
 12921 | D:14     | Reached skill level 12 in Unarmed Combat
 13026 | D:14     | Received a gift from Okawaru
 13113 | D:14     | Found a gate to the Vaults.
 13285 | D:15     | Entered Level 15 of the Dungeon
 13355 | D:15     | Noticed Nessos
 13377 | D:15     | HP: 5/135 [Nessos/arrow (8)]
 13378 | D:15     | HP: 2/135 [poisoned by Nessos]
 13384 | D:15     | Killed Nessos
 13634 | D:15     | Reached skill level 1 in Throwing
 13980 | D:15     | Noticed a fire dragon
 13985 | D:15     | Noticed a fire dragon
 13993 | D:15     | Killed a fire dragon
 14002 | D:15     | Killed a fire dragon
 14002 | D:15     | Identified the +4 flail of Xamasuxta {speed, Dex+3}
                  | (Okawaru gifted it to you on level 15 of the Dungeon)
 14002 | D:15     | Received a gift from Okawaru
 14200 | D:15     | Found a staircase to the Depths.
 14603 | D:15     | Upgraded the game from 0.29-a0-2-g12fcac58f8 to
                  | 0.29-a0-8-g0446c0dae4
 14821 | Lair:1   | Entered Level 1 of the Lair of Beasts
 15072 | Lair:1   | Reached XP level 14. HP: 142/144 MP: 21/21
 15126 | Lair:1   | Reached skill level 5 in Dodging
 15261 | Lair:1   | Received a gift from Okawaru
 15282 | Lair:1   | Identified a scroll of acquirement
 15283 | Lair:1   | Acquired 773 gold pieces
 16623 | Lair:3   | Learned a level 2 spell: Blink
 16790 | Lair:3   | Found a hole to the Spider Nest.
 16809 | Lair:3   | Noticed Fannar
 16826 | Lair:3   | Reached skill level 13 in Unarmed Combat
 16840 | Lair:3   | Killed Fannar
 17024 | Lair:3   | Reached skill level 1 in Translocations
 17033 | Lair:3   | Reached skill level 5 in Armour
 17549 | Lair:4   | Received a gift from Okawaru
 17640 | Lair:4   | Received a gift from Okawaru
 17876 | Lair:4   | Found a staircase to the Shoals.
 18446 | Lair:5   | Identified the +2 scale mail of the Spheres {Str+5 Int+4}
 18485 | Lair:5   | Received a gift from Okawaru
 19650 | Lair:6   | Entered Level 6 of the Lair of Beasts
 19790 | Lair:6   | Reached skill level 5 in Throwing
 19953 | Lair:6   | Identified the +2 spear of the Feather {elec, Contam rElec
                  | rCorr Stlth+}
 19979 | Lair:6   | Found a runed translucent door.
 19979 | Lair:6   | Noticed an acid blob
 19980 | Lair:6   | Found a viscous altar of Jiyva.
 19981 | Lair:6   | Found a staircase to the Slime Pits.
 19981 | Lair:6   | Noticed an acid blob
 19981 | Lair:6   | Noticed an acid blob
 19981 | Lair:6   | Noticed an acid blob
 20369 | Lair:6   | Received a gift from Okawaru
 20390 | Lair:6   | Found a large runed translucent door.
 20391 | Lair:6   | Found a large runed translucent door.
 20397 | Lair:6   | Reached XP level 15. HP: 100/154 MP: 22/22
 20440 | Lair:6   | HP: 4/154 [fire crab] (16)]
 21531 | Orc:1    | Entered Level 1 of the Orcish Mines
 21780 | Orc:2    | Entered Level 2 of the Orcish Mines
 21780 | Orc:2    | Noticed Donald
 21782 | Orc:2    | Noticed Urug
 21788 | Orc:2    | Killed Donald
 21802 | Orc:2    | Killed Urug
 21820 | Orc:2    | Noticed Blork the orc
 21962 | Orc:1    | Killed Blork the orc
 22199 | Orc:2    | Noticed an orc warlord
 22244 | Orc:2    | Killed an orc warlord
 22244 | Orc:2    | Identified the +8 lajatang of the World {vamp, rF+ rN++
                  | Str-2 SInv} (Okawaru gifted it to you on level 2 of the
                  | Orcish Mines)
 22244 | Orc:2    | Received a gift from Okawaru
 22475 | Orc:2    | Found Liutwau's Book Emporium.
 22742 | Orc:2    | Found Baok's Jewellery Shoppe.
 22759 | Orc:2    | Found Hudde's Antique Armour Shoppe.
 22774 | Orc:2    | Found Jamaps's General Store.
 22791 | Orc:2    | Found Jus Puipp's Antique Weapon Shoppe.
 23038 | Orc:2    | Found a staircase to the Elven Halls.
 23675 | Orc:2    | Bought a ring of see invisible for 225 gold pieces
 23884 | Spider:1 | Entered Level 1 of the Spider Nest
 23934 | Spider:1 | Reached skill level 14 in Unarmed Combat
 24038 | Spider:1 | Identified the +0 robe "Bedwaby" {rN+ Will+ Dex+2 Archmagi}
                  | (Okawaru gifted it to you on level 1 of the Spider Nest)
 24038 | Spider:1 | Received a gift from Okawaru
 24183 | Spider:1 | Found a frozen archway.
 24192 | IceCv    | Entered an ice cave
 24810 | Arena    | Entered the Arena
 25158 | Arena    | Entered the Arena
 25650 | IceCv    | Noticed a rockslime
 25651 | IceCv    | Noticed an azure jelly
 25652 | IceCv    | Noticed an azure jelly
 25660 | IceCv    | Killed a rockslime
 25662 | IceCv    | Killed an azure jelly
 25677 | IceCv    | Killed an azure jelly
 25787 | IceCv    | Found a viscous altar of Jiyva.
 25806 | IceCv    | Identified the +1 robe "Juteecok" {+Blink Dex-2 Stlth+}
 25897 | Arena    | Entered the Arena
 25901 | Arena    | Mangled by a radroach

Illustrated notes

Levels and vault maps discovered:
D:1:      sevenhm_arrival_forest_fort_large_2, layout_basic, minmay_tetromino_i2
D:2:      layout_loops_ring, nicolae_ecumenical_lake_church
D:3:      gammafunk_wand_slinger, layout_loops_corners, elyvilon_altar_1,
          mainiacjoe_overflow_24_doors, serial_shops,
          nicolae_shop_hallway_stairs, grunt_ministairs_14, uniq_terence,
          uniq_sigmund
D:4:      layout_basic, nicolae_vehumet_radiance
D:5:      layout_rooms, minmay_temple_entry_fiery, serial_co_window_serial,
          co_window_corner_a, co_window_of_opportunity_a,
          co_window_of_opportunity_a, co_window_corner_a, co_window_corner_a,
          co_window_paths_a, co_window_of_opportunity_a,
          co_window_of_opportunity_a, co_window_corner_a, co_window_broadway_b,
          co_window_corner_b, co_window_broadway_a, co_window_cross_4,
          co_window_corner_b, co_window_of_opportunity_c, glass_columns_c,
          glass_columns_a
D:6:      layout_gridville, grunt_temple_overflow_open
D:7:      layout_loops_ring, ebering_ghost_reflecting_pool,
          nicolae_ossuary_entry_catacombs, uniq_maggie, uniq_duvessa
D:8:      layout_cave_pools, amcnicky_altar_gilded,
          mainiacjoe_overflow_divided_tiny, serial_shops, shop
D:9:      layout_loops_corners, mainiacjoe_overflow_tiny_flanked,
          mainiacjoe_overflow_catwalk, lightli_temple_of_fire, led_sif_book,
          dpeg_oklobed_lair, grunt_ministairs_12
D:10:     layout_basic, nicolae_wu_jian_glorious_leap, enter_trove_0,
          uniq_nergalle
D:11:     layout_long_grid, david_orc_3
D:12:     layout_irregular_city, gauntlet_entry_generic, grunt_ministairs_7,
          minmay_misc_feat_cross, uniq_sonja
D:13:     layout_basic
D:14:     layout_irregular_city, grunt_vaults_entry_tiered,
          infiniplex_staircase_pillars_3a, nicolae_ashenzari_skybound,
          uniq_rupert
D:15:     grunt_enter_depths_hoard, layout_irregular_city,
          nicolae_concentric_dashed_squares_wild, uniq_nessos
Lair:1:   layout_regular_city, serial_bayou_pond_a
Lair:2:   layout_hall_layers, eino_house_with_fridge
Lair:3:   layout_roguey, nicolae_spider_entry_non_spiders, beast_lair_carwin_9,
          lemuel_fruit_tree, infiniplex_staircase_pool_2, uniq_fannar
Lair:4:   layout_gridlike, shoals_dummy_entry, nicolae_lair_lindhole
Lair:5:   layout_cave_pods, serial_bayou_pond_b, chequers_serial_rivers_room_b,
          grunt_megastairs_2, serial_bayou_shore_a, lemuel_fruit_fields
Lair:6:   cheibrodos_lair_end_hotspot, layout_layer_cave, slime_altar_2,
          serial_bayou_shore_b
Spider:1: layout_spider_delve, portal_ice_cave_entry_pillars_three
Orc:1:    layout_caves
Orc:2:    grunt_orc_cross, layout_caves, serial_shops,
          nicolae_shop_behind_doors, uniq_urug, uniq_donald
Arena

Skill      XL: |  1  2  3  4  5  6  7  8  9 10 11 12 13 14 15 |
---------------+----------------------------------------------+-----
Fighting       | 3 4 5 6 7 8 9 10 11 12 | 12.1
Shields        | 1 2 3 4 5 7 8 9 |  9.1
Unarmed Combat | 4 5 7 8 9 10 11 12 13 14 | 14.3
Invocations    | 1 3 4 5 7 8 9 10 11 12 | 12.5
Armour         | 1 4 5 |  5.0
Dodging        | 3 4 5 |  5.1
Throwing       | 2 5 7 |  7.0
Translocations | 3 4 |  4.9
Stealth        | |  1.0

Action                   |  1- 3 |  4- 6 |  7- 9 | 10-12 | 13-15 || total
-------------------------+-------+-------+-------+-------+-------++-------
Melee: Unarmed           |   116 |   113 |   424 |   554 |  1463 ||  2670
       Punch             |     1 |       |       |       |       ||     1
Throw: Boomerang         |       |       |    10 |     7 |    12 ||    29
       Large rock        |       |       |       |     7 |    46 ||    53
       Javelin           |       |       |       |       |     5 ||     5
Invok: Heroism           |       |     2 |     5 |    13 |     9 ||    29
       Duel              |       |       |       |       |     3 ||     3
       Finesse           |       |       |       |       |     2 ||     2
Evoke: Wand              |       |       |       |     5 |       ||     5
       Condenser vane    |       |       |       |       |     1 ||     1
  Use: Scroll            |     2 |     1 |    15 |     9 |    15 ||    42
       Potion            |       |     2 |       |     1 |    11 ||    14
 Stab: Sleeping          |     5 |     1 |     2 |       |     6 ||    14
       Paralysed         |       |       |       |     3 |       ||     3
       Distracted        |       |       |       |       |     3 ||     3
Armor: Robe              |    38 |    14 |   106 |       |       ||   158
       Steam dragon scal |       |       |    33 |   226 |   445 ||   704
Dodge: Dodged            |    50 |    27 |   124 |   224 |   832 ||  1257
Block: Kite shield       |    19 |    36 |   153 |   287 |   975 ||  1470
       Reflection        |       |       |       |       |     6 ||     6

Table legend: (Time is in decaauts)
 A = Elapsed time spent in this place.
 B = Non-inter-level travel time spent in this place.
 C = Inter-level travel time spent in this place.
 D = Time resting spent in this place.
 E = Time spent auto-exploring this place.
 F = Levels seen in this place.
 G = Mean time per level.
                   A        B        C        D        E       F      G
               +--------+--------+--------+--------+--------+-----+--------+
         Total |  25666 |  24245 |   1421 |   2980 |  15022 |  30 |  855.5 |
       Dungeon |  14236 |  13487 |    749 |   1139 |   9287 |  15 |  949.1 |
          Lair |   6742 |   6249 |    493 |    552 |   4502 |   6 | 1123.7 |
   Spider Nest |    199 |    199 |      0 |      0 |      0 |   1 |  199.0 |
  Orcish Mines |   2134 |   1956 |    178 |    254 |   1054 |   2 | 1067.0 |
       Ossuary |    222 |    222 |      0 |      0 |     49 |   1 |  222.0 |
      Ice Cave |   1626 |   1626 |      0 |    973 |     46 |   1 | 1626.0 |
      Gauntlet |    457 |    457 |      0 |     34 |     84 |   1 |  457.0 |
         Arena |     46 |     46 |      0 |     28 |      0 |   3 |   15.3 |
               +--------+--------+--------+--------+--------+-----+--------+

Top non-repeatable levels by time:
  Lair:6: 1645 daAuts
   IceCv: 1626 daAuts
     D:9: 1481 daAuts
   Orc:2: 1420 daAuts
    D:15: 1361 daAuts
  Lair:5: 1286 daAuts
    D:10: 1165 daAuts
    D:13: 1107 daAuts
  Lair:3: 1082 daAuts
    D:14: 1079 daAuts
     D:3: 1063 daAuts
  Lair:1: 1058 daAuts
     D:7: 995 daAuts
     D:5: 951 daAuts
     D:4: 876 daAuts
